 Dungeon Crawl Stone Soup version 0.18-a0-1180-g64ccc1e (webtiles) character file.

2655 JustSomeDude the Ducker (level 9, -7/67 HPs)
             Began as a Demonspawn Monk on Jan 27, 2016.
             Was an Elder of Dithmenos.
             Killed from afar by utis's ghost (12 damage)
             ... with a spray of energy
             ... on level 8 of the Dungeon.
             The game lasted 00:24:44 (7884 turns).

JustSomeDude the Ducker (Demonspawn Monk)           Turns: 7884, Time: 00:24:45

Health: -7/67      AC:  8    Str: 14    XL:     9   Next: 36%
Magic:  9/9        EV: 23    Int: 14    God:    Dithmenos [****..]
Gold:   394        SH:  0    Dex: 21    Spells: 0 memorised, 8 levels left

rFire  . . .     SeeInvis +     E - +0 dagger (freeze)
rCold  . . .     Gourm    +     x - +0 leather armour
rNeg   + . .     Faith    .     (no shield)
rPois  .         Spirit   .     (helmet restricted)
rElec  .         Dismiss  .     h - +0 cloak
rCorr  .         Reflect  .     B - +2 pair of gloves
SustAt .         Harm     .     (no boots)
MR     .....     Rnd*Rage +     i - amulet of the gourmand
Stlth  +++++++++.               w - ring of see invisible
                                f - ring of positive energy

@: agile, lethally poisoned (-7 -> -16), wreathed by umbra, not resistant to
hostile enchantments, incredibly stealthy
A: horns 2, berserk 1, blurry vision 1, clever 1, demonic guardian 1,
nightstalker 2, shaggy fur 1, subdued magic 1, sturdy frame 1
a: Shadow Step, Renounce Religion


You were on level 8 of the Dungeon.
You worshipped Dithmenos.
Dithmenos was greatly pleased with you.
You were very full.

You visited 2 branches of the dungeon, and saw 9 of its levels.

You collected 394 gold pieces.

Inventory:

Hand Weapons
 g - a +0 short sword
 E - a +0 dagger of freezing (weapon)
Missiles
 G - 6 steel tomahawks (quivered)
Armour
 a - a +0 robe
 h - a +0 cloak (worn)
 x - a +0 leather armour (worn)
 B - a +2 pair of gloves (worn)
Jewellery
 f - a ring of positive energy (left hand)
 i - an amulet of the gourmand (around neck)
 t - an uncursed ring of positive energy
 w - a ring of see invisible (right hand)
Wands
 c - a wand of confusion (19/48)
 p - a wand of digging (10/24)
 q - a wand of frost (4/48)
Scrolls
 d - 2 scrolls of immolation {unknown}
 e - 7 scrolls of identify
 n - 3 scrolls of remove curse
 o - 2 scrolls of teleportation {unknown}
 r - a scroll of random uselessness {unknown}
 u - a scroll of enchant weapon {unknown}
 v - a scroll of magic mapping {unknown}
 y - a scroll of fear {unknown}
 A - a scroll of noise {unknown}
 F - a scroll of fog
Potions
 z - a potion of agility
 D - a potion of berserk rage {unknown}
Comestibles
 b - 6 bread rations
 j - a meat ration
 k - 9 slices of pizza
 s - 4 beef jerkies
 C - 4 fruits


   Skills:
 + Level 4.8 Fighting
 * Level 6.1 Short Blades
 + Level 3.1 Armour
 + Level 6.9 Dodging
 + Level 6.4 Stealth
 - Level 3.8 Unarmed Combat


You had 8 spell levels left.
You didn't know any spells.

Dungeon Overview and Level Annotations

Branches:
Dungeon (8/15)             Temple (1/1) D:4
   Lair: D:8-11

Altars:
Ashenzari
Cheibriados
Dithmenos
Elyvilon
Fedhas
Gozag
Kikubaaqudgha
Makhleb
Nemelex Xobeh
Okawaru
Pakellas
Qazlal
Ru
Sif Muna
Trog
Vehumet
Xom
Yredelemnul
Zin
The Shining One

Shops:
D:8 %([

Annotations:
D:8 utis's ghost, novice DEGl


Innate Abilities, Weirdness & Mutations

You have a pair of horns on your head.
A weak demonic guardian rushes to your aid.
You are significantly more attuned to the shadows.
Your movements are slightly less encumbered by armour (ER -2).
You tend to lose your temper in combat.
Scrolls take you a little longer to read.
Your mind is acute. (Int +2)
You are covered in fur (AC +1).
Your spells are a little easier to cast, but a little less powerful.


Message History

The flame tongue hits you!
* * * LOW HITPOINT WARNING * * *
Drink which item? (? for menu, Esc to quit)
It was a potion of agility.
You feel agile all of a sudden.
Your quasit misses utis's ghost.
Your quasit claws utis's ghost but does no damage.
Your quasit claws utis's ghost.
Your quasit misses utis's ghost.
Your quasit closely misses utis's ghost.
Your quasit barely misses utis's ghost.
Drink which item? (? for menu, Esc to quit)
It was a potion of poison.
That liquid tasted very nasty...
You are lethally poisoned!
* * * LOW HITPOINT WARNING * * *
You feel sick.
Your quasit is no longer blind.
Utis's ghost gestures at you while chanting.
The spray of energy hits you!
You die...

'###....[............+..†%....#
..###...##.#.........####....####
..##.#.###.##.......## #........
..##...###.##......## ####.####
..##.......##.#...## #.#
).##...######.##'## #.# ._##.#.#
#.##.# #.# ######.######.##.# #.#
#####..[.....##@## #.#
#.............5W.## #.#
##.##########..5..####### #.# ###
##....##.....# #.#
#....###.###.###.#
#................#
#....###.###.##### ####.# #.....#
#.# #######


You could see utis's ghost, a friendly quasit and a friendly crimson imp.

Vanquished Creatures
  A two-headed ogre (D:8)
  A hog (D:7)
  A hippogriff (D:8)
  A human (D:7)
  An orc warrior (D:8)
  An ice beast (D:6)
  An ogre (D:6)
  A phantom (D:6)
  A big kobold (D:8)
  2 giant frogs (D:7)
  A gnoll sergeant (D:7)
  4 killer bees (D:8)
  3 scorpions (D:8)
  A giant frog zombie (D:6)
  2 crimson imps
  2 hounds
  2 centaur skeletons
  A jelly (D:6)
  6 orc priests
  5 orc wizards
  2 iguanas
  4 worker ants
  2 sheep (D:7)
  2 killer bee zombies (D:6)
  A hound skeleton (D:5)
  8 gnolls
  An adder (D:4)
  3 shadow imps
  3 oozes
  3 adder skeletons
  3 giant geckos
  21 orcs
  4 giant cockroaches
  11 goblins
  3 hobgoblins
  14 jackals
  7 kobolds
  A quokka (D:7)
  2 ball pythons
  7 bats
  4 giant newts
  A quokka skeleton (D:4)
  9 rats
154 creatures vanquished.

Vanquished Creatures (collateral kills)
  An ogre (D:4)
  An orc priest (D:6)
  A giant frog skeleton (D:4)
  3 orc wizards
  A worker ant (D:3)
  A sheep (D:7)
  5 orcs
13 creatures vanquished.

Grand Total: 167 creatures vanquished

Notes
Turn   | Place    | Note
--------------------------------------------------------------
     0 | D:1      | JustSomeDude the Demonspawn Monk began the quest for the Orb.
     0 | D:1      | Reached XP level 1. HP: 18/18 MP: 1/1
   225 | D:1      | Gained mutation: You are slightly more attuned to the shadows. [demonic ancestry]
   225 | D:1      | Reached XP level 2. HP: 14/24 MP: 2/2
  1284 | D:2      | Found a snail-covered altar of Cheibriados.
  1291 | D:2      | Found a blossoming altar of Fedhas.
  1294 | D:2      | Found an oddly glowing altar of Pakellas.
  1297 | D:2      | Found a shattered altar of Ashenzari.
  1304 | D:2      | Gained mutation: A weak demonic guardian rushes to your aid. [demonic ancestry]
  1304 | D:2      | Reached XP level 3. HP: 22/29 MP: 3/3
  2602 | D:3      | Gained mutation: You have a pair of small horns on your head. [demonic ancestry]
  2602 | D:3      | Reached XP level 4. HP: 18/35 MP: 4/4
  2603 | D:3      | Reached skill level 1 in Short Blades
  3499 | D:4      | Reached skill level 4 in Dodging
  3499 | D:4      | Gained mutation: You are significantly more attuned to the shadows. [demonic ancestry]
  3499 | D:4      | Reached XP level 5. HP: 29/41 MP: 5/5
  3617 | D:4      | Found a shadowy altar of Dithmenos.
  3623 | D:4      | Became a worshipper of Dithmenos the Shadowed
  3623 | D:4      | Reached * piety under Dithmenos
  3623 | D:4      | Reached ** piety under Dithmenos
  3754 | D:4      | Found a staircase to the Ecumenical Temple.
  3799 | Temple   | Entered the Ecumenical Temple
  3995 | D:4      | Noticed an ogre
  3997 | D:4      | Gained mutation: Your spells are a little easier to cast, but a little less powerful. [potion of mutation]
  3997 | D:4      | Gained mutation: You are covered in fur (AC +1). [potion of mutation]
  3997 | D:4      | Gained mutation: Scrolls take you a little longer to read. [potion of mutation]
  4002 | D:4      | Killed an ogre
  4323 | D:5      | Entered Level 5 of the Dungeon
  4339 | D:5      | Gained mutation: Your mind is acute. (Int +2) [potion of mutation]
  4339 | D:5      | Gained mutation: You tend to lose your temper in combat. [potion of mutation]
  4339 | D:5      | Gained mutation: You have a pair of horns on your head. [potion of mutation]
  4356 | D:5      | Gained mutation: Your movements are slightly less encumbered by armour (ER -2). [demonic ancestry]
  4356 | D:5      | Reached XP level 6. HP: 27/48 MP: 6/6
  4910 | D:5      | Found an opulent altar of Gozag.
  4910 | D:5      | Found a deep blue altar of Sif Muna.
  4958 | D:6      | Found a white marble altar of Elyvilon.
  5169 | D:6      | Reached skill level 1 in Armour
  5230 | D:6      | Reached skill level 5 in Dodging
  5230 | D:6      | Reached XP level 7. HP: 53/53 MP: 7/7
  6457 | D:7      | Reached XP level 8. HP: 50/60 MP: 8/8
  6533 | D:7      | Reached *** piety under Dithmenos
  6928 | D:7      | Reached skill level 5 in Stealth
  6976 | D:7      | Reached skill level 6 in Dodging
  6982 | D:7      | Reached skill level 5 in Short Blades
  7256 | D:7      | Noticed a hill giant
  7349 | D:8      | Found an iron altar of Okawaru.
  7349 | D:8      | Found a bloodstained altar of Trog.
  7404 | D:8      | Reached XP level 9. HP: 45/66 MP: 9/9
  7481 | D:8      | Found Lyamot's Antique Armour Shoppe.
  7543 | D:8      | Found Zoceedef's Food Emporium.
  7584 | D:8      | Noticed utis's ghost (novice DEGl)
  7693 | D:8      | Reached **** piety under Dithmenos
  7722 | D:8      | Found Lakeemamue's Weapon Shop.
  7884 | D:8      | Killed from afar by utis's ghost

Vault maps used:
D:1:      grunt_arrival_crossed_arrows
D:2:      grunt_temple_overflow_cloverleaf
D:3:      first_bread, st_stairs_8
D:4:      minmay_temple_entry_hall, nicolae_dithmenos_through_a_glass_darkly
D:5:      gammafunk_temple_overflow_wave
D:6:      lemuel_tele_altar
D:7:      grunt_livestock
D:8:      grunt_temple_overflow_bloody_war, serial_shops, shop_fountains, shop,
          kennysheep_mini_moat, nicolae_shop_trees, shop, serial_bayou_lake_a
Temple:   circular_temple_12

Action                   |  1- 3 |  4- 6 |  7- 9 || total
-------------------------+-------+-------+-------++-------
Melee: Unarmed           |    26 |       |       ||    26
       Short sword       |   176 |   127 |   275 ||   578
       Dagger            |       |       |    76 ||    76
  Use: Potion            |     1 |     5 |     6 ||    12
       Scroll            |       |     7 |     2 ||     9
 Stab: Distracted        |     1 |     1 |     4 ||     6
       Sleeping          |     9 |    14 |    19 ||    42
       Invisible         |       |       |     3 ||     3
  Eat: Chunk             |    11 |     8 |    10 ||    29
       Bread ration      |     1 |       |       ||     1
